AoeStats
← 我想做个好人

Arabia

509361376Analyzed
1v1 RM · 7d ago on Sep 26, 2026· 50m 49s· 2 players
Game mode
Random Map
Map size
Tiny (2 player)
Population
200
Speed
Normal
Resources
Standard
Victory
Conquest
Starting age
Dark Age
Ending age
Imperial Age
RankedLock teamsTeams togetherTeam positionsShared explorationLock speedFull tech treeHidden civsTurbo modeCheats
Victory
Defeat
🇨🇳 Celts · China
638
+17
🇪🇸 Franks · Spain
661
-17
我想做个好人
3:59 Loom
9:34 Feudal Age
10:07 Double-Bit Axe
10:09 Horse Collar
19:30 Castle Age
21:00 Forging
20:13 Pikeman
21:46 Bow Saw
23:15 Heavy Plow
28:03 Gold Mining
31:40 Wheelbarrow
30:51 Town Watch
31:56 Stone Mining
34:08 Hand Cart
38:33 Imperial Age
38:35 Iron Casting
38:01 Scale Mail Armor
39:17 Stone Shaft Mining
39:22 Gold Shaft Mining
38:44 Capped Ram
38:55 Halberdier
40:13 Guilds
42:34 Blast Furnace
42:05 Siege Ram
44:14 Chain Mail Armor
44:38 Furor Celtica
45:07 Siege Engineers
48:27 Elite Woad Raider
tHe ChArLyEr
4:43 Loom
10:33 Feudal Age
11:58 Man-at-Arms
14:11 Arson
15:21 Double-Bit Axe
19:54 Forging
22:01 Scale Mail Armor
26:43 Castle Age
26:49 Stone Mining
26:56 Gold Mining
27:01 Town Watch
27:56 Wheelbarrow
28:35 Bow Saw
27:54 Light Cavalry
28:36 Husbandry
30:32 Gold Shaft Mining
33:54 Imperial Age
33:03 Wheelbarrow
31:58 Light Cavalry
33:45 Husbandry
34:25 Iron Casting
33:57 Long Swordsman
34:28 Gambesons
35:59 Hand Cart
36:07 Town Patrol
36:39 Conscription
37:10 Chivalry
39:13 Blast Furnace
39:48 Hoardings
38:59 Elite Skirmisher
41:44 Ordonnance Companies
45:06 Scale Barding Armor
45:18 Chain Mail Armor
44:32 Long Swordsman
44:58 Gambesons
46:34 Padded Archer Armor
46:24 Fletching
47:41 Two-Handed Swordsman
50:41 Champion
Connection lost

Rejoining the realm…

Still unreachable

The connection could not be restored.

Session expired

The server has moved on; the page needs a fresh start.